 Dungeon Crawl Stone Soup version 0.29.0-4-gdea44cf6ec (webtiles) character file.

Game seed: 10213910134290699167

602 Iusername the Chopper (level 7, -4/61 HPs)
             Began as a Minotaur Fighter on Aug 26, 2022.
             Slain by a gnoll
             ... wielding a +0 flail
              (6 damage)
             ... on level 5 of the Dungeon.
             The game lasted 00:05:20 (3513 turns).

Iusername the Chopper (Minotaur Fighter)            Turns: 3513, Time: 00:05:22

Health: -4/61      AC: 14    Str: 22    XL:     7   Next: 18%
Magic:  6/6        EV:  9    Int:  5    God:
Gold:   311        SH:  4    Dex: 10    Spells: 6/6 levels left

rFire   . . .      SeeInvis .   a - +0 war axe
rCold   . . .      Faith    .   c - +0 buckler
rNeg    . . .      Spirit   .   b - +0 scale mail
rPois   .          Reflect  .   (helmet restricted)
rElec   .          Harm     .   (no cloak)
rCorr   .          Rampage  .   m - +0 pair of gloves
Will    .....                   x - +0 pair of boots
Stlth   ..........              u - amulet of regeneration
HPRegen 1.00/turn               r - +4 ring of protection
MPRegen 0.10/turn               (no ring)

@: no status effects
A: horns 2, retaliatory headbutt
a: no special abilities


You were on level 5 of the Dungeon.
You visited 1 branch of the dungeon, and saw 5 of its levels.

You collected 311 gold pieces.

Inventory:

Hand Weapons
 a - a +0 war axe (weapon)
Missiles
 z - a throwing net (quivered)
Armour
 b - a +0 scale mail (worn)
 c - a +0 buckler (worn)
 m - a +0 pair of gloves (worn)
 x - a +0 pair of boots (worn)
Jewellery
 i - a ring of ice
 r - a +4 ring of protection (left hand)
 u - an amulet of regeneration (around neck)
 A - a ring of magical power
Wands
 q - a wand of flame (3)
 y - a wand of mindburst (7)
Scrolls
 e - a scroll of teleportation {unknown}
 g - 4 scrolls of blinking {unknown}
 h - a scroll of enchant armour {unknown}
 l - 3 scrolls of fear {unknown}
 o - 2 scrolls of identify {unknown}
 s - 2 scrolls of butterflies {unknown}
 t - a scroll of magic mapping {unknown}
 v - a scroll of torment {unknown}
Potions
 d - a potion of might
 f - a potion of heal wounds
 j - 2 potions of flight {unknown}
 k - 4 potions of cancellation {unknown}
 n - 5 potions of curing {unknown}
 p - a potion of mutation {unknown}
 w - 2 potions of haste {unknown}


   Skills:
 + Level 5.0 Fighting
 + Level 7.0 Axes
 + Level 5.5 Armour
 + Level 1.0 Dodging
 + Level 0.4 Stealth
 + Level 4.7 Shields


You had 6 spell levels left.
You didn't know any spells.
Your spell library contained the following spells:

 Spells                   Type           Power      Damage    Failure   Level
 Magic Dart               Conj           0%         1d3       86%         1
 Searing Ray              Conj           0%         2d4       95%         2
 Static Discharge         Conj/Air       0%         3-3/arc   95%         2
 Animate Dead             Necr           0%         N/A       100%        4
 Dispel Undead            Necr           0%         3d6       100%        4
 Fulminant Prism          Conj/Hex       0%         3d6       100%        4
 Sticky Flame             Conj/Fire      0%         2d3       100%        4
 Haunt                    Necr/Summ      0%         N/A       100%        7
 Borgnjor's Revivificati  Necr           0%         N/A       100%        8
 Infestation              Necr           0%         N/A       100%        8
 Necromutation            Tmut/Necr      0%         N/A       100%        8
 Death's Door             Necr           0%         N/A       100%        9


Dungeon Overview and Level Annotations

Branches:
Dungeon (5/15)
 Temple: D:4-7

Altars:
Fedhas
Okawaru

Shops:
D:2 (


Innate Abilities, Weirdness & Mutations

You have a pair of horns on your head.
You reflexively headbutt those who attack you in melee.


Message History

You barely miss the orc.
You hit the orc warrior but do no damage.
The orc hits you but does no damage.
The orc warrior hits you with a +0 mace.
* * * LOW HITPOINT WARNING * * *
The gnoll hits you from afar with a +0 spear.
* * * LOW HITPOINT WARNING * * *
You feel much better. The orc closely misses you. You furiously retaliate!
You headbutt the orc.
The orc warrior hits you with a +0 mace!
The gnoll hits you from afar with a +0 spear.
You are too injured to fight recklessly!
You hit the orc.
The orc is heavily wounded.
You barely miss the orc warrior. The orc closely misses you.
You furiously retaliate!
You headbutt the orc!
You kill the orc!
The orc warrior hits you with a +0 mace.
* * * LOW HITPOINT WARNING * * *
The gnoll closely misses you.
You hit the gnoll.
The gnoll is moderately wounded.
You hit the orc warrior but do no damage.
You block the orc warrior's attack. The gnoll hits you with a +0 flail.
* * * LOW HITPOINT WARNING * * *
The gnoll hits you from afar with a +0 spear.
* * * LOW HITPOINT WARNING * * *
You block the gnoll's attack.
Unknown command.
You are too injured to fight recklessly!
Unknown command.
You are too injured to fight recklessly!
You barely miss the gnoll. You headbutt the gnoll.
The gnoll is moderately wounded.
You hit the orc warrior but do no damage.
The gnoll barely misses you.
The orc warrior hits you with a +0 mace!
* * * LOW HITPOINT WARNING * * *
The gnoll hits you with a +0 flail.
You die...

########## ##
#........# #.
##.######.##
#> #.## ##.##
#. ##.# #..#
#. #..# ##.#
#. #..## #.##
## #@..# ##.#
#
.....gog...#
#.##
.....gg###..#
#.# ###...#
#.# #.## ##..
.# ##.######
..# #
#<...... #.#
##.....# .#
#######


You could see an orc warrior and 4 gnolls.

Vanquished Creatures
  The ghost of gelatine the Sneak, an amateur OpVM of Trog (D:4)
  A phantom (D:5)
  A bullfrog (D:4)
  A jelly (D:4)
  An orc priest (D:5)
  2 orc wizards (D:4)
  4 gnolls (D:4)
  6 adders
  A worm (D:4)
  A dart slug (D:1)
  14 orcs
  2 bats
  5 endoplasms
  8 giant cockroaches
  6 goblins
  2 hobgoblins
  4 jackals (D:4)
  4 quokkas
  4 ball pythons
  3 frilled lizards
  7 kobolds
  7 rats
85 creatures vanquished.

Notes
Turn   | Place    | Note
-------+----------+-------------------------------------------
     0 | D:1      | Iusername the Minotaur Fighter began the quest for the Orb.
     0 | D:1      | Reached XP level 1. HP: 19/19 MP: 0/0
   159 | D:1      | Reached XP level 2. HP: 22/27 MP: 1/1
  1100 | D:2      | Found a faded altar of an unknown god.
  1223 | D:2      | Reached skill level 3 in Axes
  1238 | D:2      | Reached XP level 3. HP: 20/33 MP: 2/2
  1534 | D:2      | Found Yqepset's Weapon Boutique.
  2260 | D:3      | Reached XP level 4. HP: 40/40 MP: 3/3
  2528 | D:4      | Found a runed translucent door.
  2549 | D:4      | Noticed gelatine's ghost (amateur OpVM)
  2549 | D:4      | Noticed a bullfrog
  2563 | D:4      | Killed a bullfrog
  2564 | D:4      | Reached skill level 4 in Axes
  2564 | D:4      | Reached skill level 5 in Armour
  2564 | D:4      | Reached XP level 5. HP: 47/47 MP: 4/4
  2568 | D:4      | Killed gelatine's ghost
  2569 | D:4      | Reached skill level 5 in Axes
  2569 | D:4      | Reached XP level 6. HP: 50/53 MP: 5/5
  2577 | D:4      | Found a runed translucent door.
  2912 | D:4      | Reached skill level 6 in Axes
  3393 | D:5      | Entered Level 5 of the Dungeon
  3431 | D:5      | Found an iron altar of Okawaru.
  3431 | D:5      | Found a blossoming altar of Fedhas.
  3472 | D:5      | Reached skill level 5 in Fighting
  3472 | D:5      | Reached skill level 1 in Dodging
  3472 | D:5      | Reached XP level 7. HP: 61/61 MP: 6/6
  3509 | D:5      | Reached skill level 7 in Axes
  3513 | D:5      | HP: 2/61 [orc warrior/+0 mace (14)]
  3513 | D:5      | Slain by a gnoll

Illustrated notes

Levels and vault maps discovered:
D:1:      minmay_arrival_stone_box, layout_loops_ring
D:2:      layout_loops_ring, shapermc_ecumenical_altar_totnotflames,
          serial_shops, shop, minmay_close_crescents
D:3:      layout_rooms, skrybe_limestone_x, hex_intersection,
          minmay_misc_feat_four_crosses
D:4:      layout_basic, ebering_ghost_sewer_f, feat_on_display
D:5:      layout_layer_cave, lemuel_blue_sif_altar,
          amethyst_overflow_temple_binary, nicolae_shop_sticking_my_neck_out

Skill      XL: |  1  2  3  4  5  6  7 |
---------------+----------------------+-----
Fighting       | 4 5 |  5.0
Armour         | 4 5 |  5.5
Axes           | 3 4 5 6 7 |  7.0
Shields        | 4 |  4.7
Dodging        | 1 |  1.0
Stealth        | |  0.4

Action                   |  1- 3 |  4- 6 |  7- 9 || total
-------------------------+-------+-------+-------++-------
Melee: War axe           |    75 |   104 |    20 ||   199
       Headbutt          |    12 |     8 |     1 ||    21
  Use: Potion            |       |     1 |     2 ||     3
Armor: Scale mail        |    28 |    56 |    22 ||   106
Dodge: Dodged            |    22 |    42 |    12 ||    76
Block: Buckler           |    16 |    18 |    12 ||    46
